 Dungeon Crawl Stone Soup version 0.30.1-4-g462c640d31 (webtiles) character file.

Game seed: 4797483512919760867

30943 Balder the Cleaver (level 13, -1/109 (113) HPs)
             Began as a Minotaur Fighter on Aug 11, 2023.
             Was an Elder of Okawaru.
             Slain by a sixfirhy (3 damage)
             ... summoned by an orc sorcerer
             ... on level 2 of the Orcish Mines on Aug 17, 2023.
             The game lasted 01:42:23 (22961 turns).

Balder the Cleaver (Minotaur Fighter)              Turns: 22961, Time: 01:42:27

HP:   -1/109 (113)  AC:  2    Str: 20    XL:     13   Next: 23%
MP:   0/17          EV:  9    Int: 12    God:    Okawaru [****..]
Gold: 1496          SH:  7    Dex: 14    Spells: 12/12 levels left

rFire   . . .        a - +0 hand axe (drain)
rCold   . . .        c - +1 buckler
rNeg    . . .        O - +8 plate armour of Sunlight {Will+ SInv}
rPois   +            M - +0 hat "Tyts" {rPois Will+}
rElec   .            s - +0 cloak
rCorr   .            (no gloves)
SInv    +            q - +0 pair of boots of the Sea {Int+3}
Will    +++..        u - amulet of guardian spirit Stlth
                     o - ring of willpower
HPRegen 0.38/turn    H - +4 ring of protection
MPRegen 0.15/turn

%: guardian spirit
@: corroded, lightly drained
A: horns 2, retaliatory headbutt, clever 1
a: Renounce Religion, Heroism, Finesse


You were on level 2 of the Orcish Mines.
You worshipped Okawaru.
Okawaru was greatly pleased with you.
You visited 4 branches of the dungeon, and saw 17 of its levels.

You collected 1518 gold pieces.
You spent 22 gold pieces at shops.

Inventory:

Hand Weapons
 a - a +0 hand axe of draining (weapon)
 b - a +2 war axe of flaming
 i - a +1 war axe of protection
 j - a +0 heavy battleaxe
 w - a +0 dagger of venom
 B - a +2 mace of holy wrath
 E - a +2 whip of electrocution
 I - a +5 flail
 Q - a +0 war axe of electrocution
Missiles
 K - 8 boomerangs (quivered)
Armour
 c - a +1 buckler (worn)
 q - the +0 pair of boots of the Sea (worn) {Int+3}
   (You found it on level 2 of the Dungeon)

   Int:       It affects your intelligence (+3).
 s - a +0 cloak (worn)
 C - a +1 plate armour
 M - the +0 hat "Tyts" (worn) {rPois Will+}
   (Okawaru gifted it to you on level 1 of the Orcish Mines)

   rPois:     It protects you from poison.
   Will:      It increases your willpower.
 O - the +8 plate armour of Sunlight (worn) {Will+ SInv}
   (Okawaru gifted it to you on level 2 of the Lair of Beasts)

   SInv:      It lets you see invisible.
   Will:      It increases your willpower.
Jewellery
 o - a ring of willpower (left hand)
 r - an amulet of the acrobat
 u - an amulet of guardian spirit (around neck)
 v - a ring of resist corrosion
 H - a +4 ring of protection (right hand)
Wands
 e - a wand of flame (8)
 x - a wand of polymorph (6)
 z - a wand of roots (2)
 G - a wand of quicksilver (5)
 P - a wand of paralysis (2)
Scrolls
 f - a scroll of magic mapping
 k - 2 scrolls of identify
 m - 2 scrolls of teleportation
 y - a scroll of enchant weapon
 A - a scroll of poison
 L - 4 scrolls of fog
Potions
 d - a potion of might
 g - 4 potions of resistance
 h - 3 potions of berserk rage
 l - 2 potions of magic {unknown}
 n - a potion of flight {unknown}
 p - 4 potions of mutation
 t - 10 potions of curing
 D - a potion of haste {unknown}
 F - 2 potions of invisibility {unknown}
 N - 2 potions of cancellation {unknown}


   Skills:
 * Level 9.8 Fighting
 * Level 13.9(14.7) Axes
 * Level 7.6(11.7) Maces & Flails
 + Level 2.9 Throwing
 * Level 11.8 Armour
 * Level 6.9 Dodging
 * Level 6.3 Stealth
 * Level 10.0 Shields
 * Level 6.7 Invocations
 + Level 0.2 Evocations


You had 12 spell levels left.
You didn't know any spells.
Your spell library contained the following spells:

 Spells                   Type           Power      Damage    Failure   Level
 Beastly Appendage        Tmut           0%         N/A       99%         1
 Blink                    Tloc           0%         N/A       100%        2
 Lesser Beckoning         Tloc           0%         N/A       100%        2
 Momentum Strike          Conj/Tloc      0%         3d8       100%        2
 Wereblood                Tmut           0%         N/A       100%        2
 Ozocubu's Armour         Ice            0%         N/A       100%        3
 Spider Form              Tmut/Pois      0%         N/A       100%        3
 Ozocubu's Refrigeration  Ice            0%         4d7       100%        7
 Polar Vortex             Ice            0%         N/A       100%        9
 Simulacrum               Ice/Necr       Unusable   N/A       N/A         6

Dungeon Overview and Level Annotations

Branches:
Dungeon (10/15)            Temple (1/1) D:5            Lair (4/5) D:10
  Swamp (0/4) Lair:2       Spider (0/4) Lair:2          Orc (2/2) D:10
    Elf (0/3) Orc:2
  Slime: Lair:4-5

Altars:
Ashenzari
Cheibriados
Dithmenos
Elyvilon
Fedhas
Gozag
Hepliaklqana
Kikubaaqudgha
Makhleb
Nemelex Xobeh
Okawaru
Qazlal
Ru
Sif Muna
Trog
Uskayaw
Vehumet
Wu Jian
Xom
Yredelemnul
Zin
The Shining One

Shops:
D:4 *   D:10 (

Annotations:
D:8 4 transporters
Lair:2 2 runed translucent doors, Zoobame's ghost, journeyman DEHW


Innate Abilities, Weirdness & Mutations

You have a pair of horns on your head.
You reflexively headbutt those who attack you in melee.
Your mind is acute. (Int +4, Str/Dex -1)


Message History

You hit the rust devil but do no damage.
The rust devil is almost dead.
The orc sorcerer casts a spell at you.
The bolt of negative energy hits the rust devil.
The rust devil completely resists.
The bolt of negative energy hits you!!
You feel drained.
You hit the rust devil but do no damage.
Your headbutt misses the rust devil.
The rust devil is almost dead.
The sixfirhy hits you!
* * * LOW HITPOINT WARNING * * *
The sixfirhy shocks you!
* * * LOW HITPOINT WARNING * * *
You feel much better. The sixfirhy closely misses you. You furiously retaliate!
You headbutt the sixfirhy, but do no damage.
The sixfirhy barely misses you. The sixfirhy hits you! The sixfirhy shocks you!
* * * LOW HITPOINT WARNING * * *
You block the sixfirhy's attack.
Unknown command.
Okay, then.
Okay, then.
You feel much better.
The rust devil disappears in a puff of smoke!
The orc sorcerer wildly gestures.
The orc sorcerer's hands start to glow.
The sixfirhy barely misses you.
The orc sorcerer gestures wildly while chanting.
The sixfirhy attacks as you move away! The sixfirhy hits you!
The sixfirhy shocks you!
* * * LOW HITPOINT WARNING * * *
The sixfirhy hits you.
* * * LOW HITPOINT WARNING * * *
The sixfirhy shocks you!
* * * LOW HITPOINT WARNING * * *
The sixfirhy hits you.
* * * LOW HITPOINT WARNING * * *
The sixfirhy shocks you!
* * * LOW HITPOINT WARNING * * *
The sixfirhy hits you.
You die...

*#...............................
#....#..........................
##.###..........................
#** ##.........................
###.........................
##...........................
#####............................
[#[.#............................
.)).[)..........@.....)..........
)#).............3................
.#.......#.#....)[...............
.##....###########3###########...
##.##.## ######4###### ##.#
....### **#.....o.....#** ###
..^.#.## *#...####.####...**
.#.....#**.,*****#.#*****,,**
......#**,,***,,,#.#,,,***,,*


You could see a sun demon (summoned), a rust devil (summoned), a sixfirhy
(summoned) and an orc sorcerer.

Vanquished Creatures
  2 ettins
  2 hydras (Lair:2)
  A tengu warrior (D:10)
  3 orc high priests
  5 orc knights
  Pikel (D:5)
  An ugly thing (D:10)
  4 orc sorcerers (Orc:1)
  A cyclops (D:10)
  2 black mambas (Lair:3)
  Maurice (Orc:2)
  Maggie (D:9)
  3 cane toads
  2 komodo dragons
  5 polar bears
  5 trolls
  7 blink frogs
  A hornet (D:9)
  A shadow (D:9)
  37 yaks
  A wyvern (Lair:2)
  Grum (D:8)
  A steam dragon (D:8)
  Menkaure (D:4)
  2 wargs
  7 water moccasins
  3 sky beasts
  25 orc warriors
  3 ice beasts (D:7)
  9 black bears
  3 ogres
  8 wolves
  3 centaurs
  A kobold brigand (D:10)
  3 bullfrogs
  6 scorpions
  5 wights
  7 killer bees (D:8)
  5 howler monkeys
  3 hounds
  20 orc priests
  A jelly (D:4)
  A gnoll bouda (D:7)
  Crazy Yiuf (D:2)
  An iguana (Lair:2)
  4 sleepcaps
  Ijyb (D:5)
  31 orc wizards
  14 adders
  A gnoll (D:4)
  3 shadow imps
  2 white imps
  An ufetubus (D:5)
  4 worms
  A dart slug (D:4)
  79 orcs
  4 endoplasms
  4 giant cockroaches
  8 goblins
  9 hobgoblins
  6 jackals (D:1)
  5 quokkas
  9 ball pythons
  8 bats
  4 frilled lizards
  15 kobolds
  4 rats
  A spectral hobgoblin (D:1)
  A butterfly (Lair:3)
425 creatures vanquished.

Vanquished Creatures (others)
  An orc wizard (Orc:2)
1 creature vanquished.

Grand Total: 426 creatures vanquished

Notes
Turn   | Place    | Note
-------+----------+-------------------------------------------
     0 | D:1      | Balder the Minotaur Fighter began the quest for the Orb.
     0 | D:1      | Reached XP level 1. HP: 19/19 MP: 0/0
    69 | D:1      | Found a faded altar of an unknown god.
   114 | D:1      | Reached XP level 2. HP: 27/27 MP: 1/1
   480 | D:1      | Reached XP level 3. HP: 33/33 MP: 2/2
   807 | D:2      | Identified the +2 helmet of the Tuna {Will+}
   817 | D:2      | Reached skill level 1 in Dodging
  1075 | D:2      | Found a broken altar of Ashenzari.
  1214 | D:2      | Found a runed translucent door.
  1215 | D:2      | Noticed Crazy Yiuf
  1433 | D:2      | Identified the +0 pair of boots of the Sea {Int+3}
  1444 | D:2      | Reached skill level 3 in Axes
  1444 | D:2      | Reached XP level 4. HP: 28/40 MP: 3/3
  1629 | D:2      | Killed Crazy Yiuf
  1630 | D:2      | Reached skill level 1 in Stealth
  2396 | D:4      | Found Byun's General Store.
  2407 | D:4      | Reached XP level 5. HP: 38/46 MP: 4/4
  2460 | D:4      | Bought a scroll of identify for 22 gold pieces
  2494 | D:4      | Reached skill level 4 in Axes
  2633 | D:4      | Reached skill level 5 in Armour
  2731 | D:4      | Noticed Menkaure
  2740 | D:4      | Killed Menkaure
  2741 | D:4      | Reached skill level 5 in Axes
  2741 | D:4      | Reached XP level 6. HP: 38/53 MP: 2/5
  3302 | D:5      | Entered Level 5 of the Dungeon
  3342 | D:5      | Reached XP level 7. HP: 60/60 MP: 6/6
  3366 | D:5      | Found a staircase to the Ecumenical Temple.
  3400 | Temple   | Entered the Ecumenical Temple
  3667 | Temple   | Became a worshipper of Warmaster Okawaru
  3925 | D:5      | Reached skill level 6 in Axes
  4238 | D:5      | Reached skill level 5 in Shields
  4299 | D:5      | Noticed Pikel
  4309 | D:5      | Killed Pikel
  4309 | D:5      | Reached * piety under Okawaru
  4310 | D:5      | Reached skill level 5 in Fighting
  4310 | D:5      | Reached skill level 7 in Axes
  4310 | D:5      | Reached skill level 1 in Invocations
  4310 | D:5      | Reached XP level 8. HP: 58/68 MP: 5/8
  4808 | D:5      | Noticed Ijyb
  4823 | D:5      | Killed Ijyb
  5095 | D:5      | You fall into a shaft and drop 3 floors!
  5139 | D:8      | Reached skill level 1 in Maces & Flails
  5195 | D:8      | Found a transporter.
  5197 | D:8      | Found a transporter.
  5200 | D:8      | Found a transporter.
  5252 | D:8      | Reached ** piety under Okawaru
  5290 | D:8      | Reached skill level 8 in Axes
  5425 | D:8      | Reached XP level 9. HP: 74/74 MP: 9/9
  5432 | D:8      | Noticed Grum
  5439 | D:8      | Killed Grum
  6090 | D:7      | Reached skill level 9 in Axes
  6237 | D:7      | Reached *** piety under Okawaru
  8141 | D:8      | Found a white marble altar of Elyvilon.
  8274 | D:8      | Found a burning altar of Makhleb.
  8281 | D:8      | Found a sacrificial altar of Ru.
  8290 | D:8      | Found a bloodstained altar of Trog.
  8292 | D:8      | Found a hazy altar of Hepliaklqana.
  8545 | D:8      | Found a glowing golden altar of the Shining One.
  8610 | D:8      | Found a transporter.
  8812 | D:9      | Reached XP level 10. HP: 84/84 MP: 11/11
  9143 | D:9      | Noticed Maggie
  9165 | D:9      | Killed Maggie
  9311 | D:9      | Reached skill level 10 in Axes
  9406 | D:9      | Reached **** piety under Okawaru
  9805 | D:10     | Entered Level 10 of the Dungeon
  9805 | D:10     | Found a staircase to the Lair.
 10028 | D:10     | Noticed a purple ugly thing
 10041 | D:10     | Killed a purple ugly thing
 10042 | D:10     | Reached skill level 5 in Dodging
 10073 | D:10     | Noticed a tengu warrior
 10090 | D:10     | Killed a tengu warrior
 10239 | D:10     | Found Lulis's Weapon Emporium.
 10239 | D:10     | Noticed a cyclops
 10261 | D:10     | Killed a cyclops
 10262 | D:10     | Reached skill level 11 in Axes
 10262 | D:10     | Reached XP level 11. HP: 70/93 MP: 9/13
 10770 | D:10     | Found a staircase to the Orcish Mines.
 10982 | Lair:1   | Entered Level 1 of the Lair of Beasts
 10991 | Lair:1   | Reached skill level 5 in Maces & Flails
 11049 | Lair:1   | Reached skill level 1 in Throwing
 11191 | Lair:1   | Reached ***** piety under Okawaru
 11205 | Lair:1   | Reached skill level 5 in Invocations
 11732 | Lair:1   | Reached skill level 5 in Stealth
 12023 | Lair:1   | Reached skill level 10 in Armour
 12669 | Lair:2   | Found a large runed translucent door.
 12669 | Lair:2   | Found a large runed translucent door.
 12676 | Lair:2   | Reached skill level 12 in Axes
 13150 | Lair:2   | Found a hole to the Spider Nest.
 13150 | Lair:2   | Noticed an orb spider
 13311 | Lair:2   | Noticed Zoobame's ghost (journeyman DEHW)
 13335 | Lair:2   | Noticed a five-headed hydra
 13348 | Lair:2   | Killed a one-headed hydra
 13348 | Lair:2   | Identified the +8 plate armour of Sunlight {Will+ SInv}
                  | (Okawaru gifted it to you on level 2 of the Lair of Beasts)
 13348 | Lair:2   | Received a gift from Okawaru
 13678 | Lair:2   | Noticed a seven-headed hydra
 13691 | Lair:2   | Killed a one-headed hydra
 13692 | Lair:2   | Reached XP level 12. HP: 93/103 MP: 12/15
 13711 | Lair:2   | Found a staircase to the Swamp.
 14195 | Lair:3   | Reached skill level 13 in Axes
 14733 | Orc:1    | Entered Level 1 of the Orcish Mines
 14966 | Orc:2    | Entered Level 2 of the Orcish Mines
 15449 | Orc:2    | Found a staircase to the Elven Halls.
 15855 | Orc:1    | Noticed an ettin
 15880 | Orc:1    | Killed an ettin
 15943 | Orc:1    | Found a bloodstained altar of Trog.
 16092 | Orc:2    | Noticed Maurice
 16119 | Orc:1    | Identified the +0 hat "Tyts" {rPois Will+} (Okawaru gifted
                  | it to you on level 1 of the Orcish Mines)
 16119 | Orc:1    | Received a gift from Okawaru
 16145 | Orc:2    | Killed Maurice
 16166 | Orc:2    | Noticed an ettin
 16459 | Orc:2    | Killed an ettin
 16497 | Orc:2    | Noticed an orc high priest
 16497 | Orc:2    | Noticed an orc high priest
 16498 | Orc:2    | Noticed an orc high priest
 16744 | Orc:1    | Killed an orc high priest
 16817 | Orc:1    | Reached XP level 13. HP: 70/112 MP: 9/16
 16944 | Orc:2    | Gained mutation: Your mind is acute. (Int +4, Str/Dex -1)
                  | [a neqoxec]
 22741 | Orc:2    | Reached skill level 10 in Shields
 22961 | Orc:2    | HP: 2/109 [sixfirhy[an orc sorcerer] (10)]
 22961 | Orc:2    | Slain by a sixfirhy

Illustrated notes

Levels and vault maps discovered:
D:1:      lightli_arrival_maybe_door_vault, layout_rooms,
          dreamdust_ecumenical_altar_drowned_temple, minmay_shallow_snake_nest
D:2:      layout_loops_corners, basic_altar, minmay_split_cup_small,
          uniq_crazy_yiuf_cottage
D:3:      layout_loops_cross
D:4:      minmay_razor_zed, layout_rooms, serial_shops, shop, uniq_menkaure
D:5:      layout_layer_cave, minmay_temple_entry_slanted, uniq_ijyb, uniq_pikel
D:6:      layout_basic, minmay_stone_trees_medium
D:7:      minmay_general_purpose_star, layout_loops_ring, serial_park_tiny_1,
          kennysheep_generic_room_3
D:8:      layout_loops_ring, nicolae_overflow_hallway_of_the_gods,
          mainiacjoe_overflow_concentric_impassable, nicolae_diode_intersection,
          uniq_grum
D:9:      layout_irregular_city, uniq_maggie
D:10:     layout_roguey, david_lair_shrubbed, erik_orc_4, serial_shops,
          nicolae_shop_advertising_works [nicolae_subvault_shop_adworks]
Temple:   nicolae_temple_slightly_damp_pantheon
Lair:1:   beast_lair_carwin_large_1, layout_cave_pods, st_stairs_13
Lair:2:   layout_regular_city, palyth_hydra_swamp_entry,
          nicolae_spider_entry_orb_guardian, ebering_ghost_disaster_area,
          eino_small_chamber_without_monster
Lair:3:   layout_hall_layers, grunt_forest_large_clearings, grunt_megastairs_1,
          lemuel_fruit_fields
Lair:4:   layout_loops_ring, nicolae_slime_entry_field_trip,
          portal_ice_cave_rime, chequers_serial_rivers_room_a
Orc:1:    layout_caves, serial_shops, basic_altar
Orc:2:    st_orc_elflike, layout_caves, basic_altar, uniq_maurice

Skill      XL: |  1  2  3  4  5  6  7  8  9 10 11 12 13 |
---------------+----------------------------------------+-----
Armour         | 4 5 6 7 8 9 10 11 | 11.8
Shields        | 4 5 6 7 8 9 10 | 10.0
Fighting       | 4 5 6 7 8 9 |  9.8
Dodging        | 1 2 3 4 5 6 |  6.9
Axes           | 3 5 7 8 9 11 12 13 | 13.9
Stealth        | 1 2 3 4 5 6 |  6.3
Invocations    | 1 2 3 4 5 6 |  6.7
Maces & Flails | 2 3 4 6 7 |  7.6
Throwing       | 2 |  2.9
Evocations     | |  0.2

Action                     |  1- 3 |  4- 6 |  7- 9 | 10-12 | 13-15 || total
---------------------------+-------+-------+-------+-------+-------++-------
  Melee: War axe           |    30 |    31 |   141 |    41 |       ||   243
         Hand axe          |    55 |    77 |   195 |   788 |   148 ||  1263
         Headbutt          |     3 |    12 |    70 |   222 |    42 ||   349
  Throw: Boomerang         |       |       |     2 |    78 |    20 ||   100
 Invoke: Heroism           |       |       |     1 |     9 |     2 ||    12
  Evoke: Wand              |       |       |     2 |     6 |     2 ||    10
    Use: Scroll            |       |     5 |     9 |    17 |       ||    31
         Potion            |       |     1 |       |     4 |     3 ||     8
 Armour: Scale mail        |    45 |       |       |       |       ||    45
         Chain mail        |       |    44 |       |       |       ||    44
         Plate armour      |       |    21 |   185 |   480 |    51 ||   737
  Dodge: Dodged            |    55 |    27 |    79 |   269 |    31 ||   461
  Block: Buckler           |    31 |    33 |    95 |   269 |    43 ||   471
